AoeStats
← PZ|MBalu

Arabia

506217937Analyzed
2v2 RM · 21d ago on Sep 12, 2026· 39m 58s· 4 players
Game mode
Random Map
Map size
Medium (4 player)
Population
200
Speed
Normal
Resources
Standard
Victory
Conquest
Starting age
Dark Age
Ending age
Imperial Age
RankedLock teamsTeams togetherTeam positionsShared explorationLock speedFull tech treeHidden civsTurbo modeCheats
Victory
Defeat
🇭🇺 Ethiopians · Hungary
1240
+12
🇭🇺 Magyars · Hungary
1190
+14
🇨🇿 Bulgarians · Czechia
1155
-13
🇨🇿 Bengalis · Czechia
1155
-13
9YearsOld
9:06 Loom
10:59 Feudal Age
12:35 Double-Bit Axe
17:16 Castle Age
17:29 Scale Barding Armor
17:36 Forging
17:46 Bloodlines
18:07 Husbandry
19:13 Fletching
19:12 Town Watch
28:17 Bodkin Arrow
30:49 Wheelbarrow
30:28 Bow Saw
30:11 Horse Collar
33:11 Padded Archer Armor
34:54 Ballistics
35:40 Heavy Plow
37:16 Leather Archer Armor
Skarbor
6:40 Loom
10:32 Feudal Age
12:04 Double-Bit Axe
15:33 Town Watch
21:17 Castle Age
20:45 Horse Collar
21:29 Bloodlines
21:27 Scale Barding Armor
21:33 Forging
22:06 Husbandry
23:20 Bow Saw
25:44 Squires
25:46 Scale Mail Armor
39:45 Chain Mail Armor
40:45 Iron Casting
PZ|MBalu
7:01 Loom
9:30 Feudal Age
10:18 Double-Bit Axe
10:44 Horse Collar
17:41 Scale Barding Armor
23:23 Castle Age
21:25 Gold Mining
21:54 Scale Mail Armor
24:32 Pikeman
26:58 Wheelbarrow
29:23 Bow Saw
30:28 Sanctity
30:38 Chain Mail Armor
31:30 Bloodlines
31:23 Light Cavalry
38:17 Imperial Age
36:08 Fletching
37:17 Ballistics
36:19 Elite Skirmisher
38:09 Padded Archer Armor
38:51 Cavalier
PZ|SlothKing
8:40 Feudal Age
8:57 Loom
13:12 Fletching
13:22 Padded Archer Armor
22:49 Castle Age
20:54 Gold Mining
21:13 Double-Bit Axe
23:26 Bodkin Arrow
22:53 Crossbowman
23:51 Leather Archer Armor
24:57 Wheelbarrow
35:55 Imperial Age
34:21 Ballistics
34:41 Elite Skirmisher
35:40 Horse Collar
36:09 Arbalester
37:26 Bracer
Connection lost

Rejoining the realm…

Still unreachable

The connection could not be restored.

Session expired

The server has moved on; the page needs a fresh start.